 Dungeon Crawl Stone Soup version 0.18-a0-1570-gf60b0ab (webtiles) character file.

1078 Ijustatesigmund the Changer (level 8, -3/55 HPs)
             Began as an Octopode Transmuter on Mar 14, 2016.
             Slain by Sigmund
             ... wielding a +0 scythe
              (5 damage)
             ... on level 6 of the Dungeon.
             The game lasted 00:12:16 (6064 turns).

Ijustatesigmund the Changer (Octopode Transmuter)   Turns: 6064, Time: 00:12:16

Health: -3/55      AC:  1    Str: 10    XL:     8   Next: 29%
Magic:  10/11      EV: 16    Int: 17    God:
Gold:   335        SH:  0    Dex: 12    Spells: 3 memorised, 5 levels left

rFire  . . .     SeeInvis .       - Unarmed
rCold  . . .     Gourm    .     (no shield)
rNeg   . . .     Faith    .     (helmet restricted)
rPois  +         Spirit   .     (no amulet)
rElec  .         Dismiss  .     i - ring of poison resistance
rCorr  .         Reflect  .     j - +4 ring of evasion
SustAt .         Harm     .     (no ring)
MR     .....                    (no ring)
Stlth  ++........               (no ring)
                                (no ring)
                                (no ring)
                                (no ring)

@: hasted, very quick, not resistant to hostile enchantments, unstealthy
A: almost no armour, amphibious, 8 rings, constrict 8, camouflage 1, gelatinous
body 1
a: no special abilities


You were on level 6 of the Dungeon.
You were hungry.

You visited 1 branch of the dungeon, and saw 6 of its levels.

You collected 335 gold pieces.

Inventory:

Missiles
 a - 63 arrows
Jewellery
 i - a ring of poison resistance (left tentacle)
 j - a +4 ring of evasion (right tentacle)
Wands
 q - a wand of confusion (27/48)
 s - a wand of polymorph (9/24)
Scrolls
 d - 3 scrolls of remove curse
 e - 3 scrolls of teleportation
 u - a scroll of recharging
Potions
 g - 2 potions of brilliance
 h - a potion of berserk rage {unknown}
 k - a potion of beneficial mutation {unknown}
 l - 3 potions of haste
 m - a potion of might {unknown}
 n - a potion of heal wounds {unknown}
 o - a potion of flight {unknown}
 p - a potion of lignification {unknown}
 t - a potion of invisibility {unknown}
Books
 b - a book of Changes

   Spells                             Type                      Level
   a - Beastly Appendage              Transmutation                1
   b - Sticks to Snakes               Transmutation                2
   c - Spider Form                    Transmutation/Poison         3
   d - Ice Form                       Ice/Transmutation            4
   e - Blade Hands                    Transmutation                5
Comestibles
 c - 3 bread rations
 f - a beef jerky


   Skills:
 + Level 5.2 Fighting
 - Level 2.0 Dodging
 + Level 5.8 Unarmed Combat
 - Level 2.0 Spellcasting
 * Level 6.0 Transmutations
 - Level 2.0 Poison Magic


You had 5 spell levels left.
You knew the following spells:

 Your Spells              Type           Power        Failure   Level  Hunger
a - Beastly Appendage     Trmt           ###...       1%          1    #......
b - Sticks to Snakes      Trmt           ###.....     2%          2    ###....
c - Spider Form           Trmt/Pois      ###.......   12%         3    ###....


Dungeon Overview and Level Annotations

Branches:
Dungeon (6/15)
 Temple: D:4-7

Altars:
Dithmenos
Okawaru
Ru
Trog
Yredelemnul

Annotations:
D:6 Sigmund


Innate Abilities, Weirdness & Mutations

You cannot wear most types of armour.
You are amphibious.
You can wear up to eight rings at the same time.
You can use your tentacles to constrict eight enemies at once.
Your skin changes colour to match your surroundings (Stealth).
Your rubbery body absorbs attacks (AC +1).


Message History

The orc is almost dead.
The orc misses you.
You closely miss the orc. You grab the orc. You squeeze the orc.
You kill the orc!
Something hits you.
Things that are here:
a long sword; a chain mail; an orc corpse You barely miss something.
Something barely misses you.
You tentacle-slap something.
Your tentacle-slap misses something.
Something hits you!
* * * LOW HITPOINT WARNING * * *
You closely miss something. You tentacle-slap something.
Your squeeze misses something.
You hear some strange, mumbled words.
A magic dart appears from out of thin air!
The magic dart hits you!
* * * LOW HITPOINT WARNING * * *
Drink which item? (? for menu, Esc to quit)
It was a potion of haste.
You feel yourself speed up. Something hits you.
You die...

######## #########
#......# #.(.....#
#.#....#.####.#####.#
......{@...>.....##.##
#.#....#)####........#
#......# #..#.##..#
######## #........#
##.#..##.# #.##.##.#
#.##.##.# #...<...#
#.##.#.##


There were no monsters in sight!

Vanquished Creatures
  Edmund (D:5)
  An orc warrior (D:6)
  3 scorpions
  A howler monkey (D:4)
  A crimson imp (D:5)
  4 hounds
  3 orc priests
  3 orc wizards
  A centaur skeleton (D:5)
  Crazy Yiuf (D:5)
  An iguana (D:6)
  2 worker ants (D:5)
  A howler monkey skeleton (D:4)
  6 adders
  An ooze (D:1)
  An adder skeleton (D:4)
  3 worms
  A dart slug (D:1)
  4 giant geckos
  4 orcs
  12 bats
  6 giant cockroaches
  11 goblins
  10 hobgoblins
  12 jackals
  2 quokkas (D:4)
  A ball python (D:1)
  3 giant newts
  8 kobolds
  8 rats
116 creatures vanquished.

Vanquished Creatures (collateral kills)
  An ogre (D:5)
  A giant newt (D:3)
2 creatures vanquished.

Grand Total: 118 creatures vanquished

Notes
Turn   | Place    | Note
--------------------------------------------------------------
     0 | D:1      | Ijustatesigmund the Octopode Transmuter began the quest for the Orb.
     0 | D:1      | Reached XP level 1. HP: 13/13 MP: 3/3
   162 | D:1      | Reached XP level 2. HP: 6/18 MP: 5/5
   166 | D:1      | Learned a level 2 spell: Sticks to Snakes
  1045 | D:1      | Reached XP level 3. HP: 13/24 MP: 6/6
  1050 | D:1      | Learned a level 3 spell: Spider Form
  1389 | D:2      | Found a sacrificial altar of Ru.
  1432 | D:2      | Reached skill level 1 in Poison Magic
  1432 | D:2      | Reached XP level 4. HP: 22/30 MP: 5/7
  2365 | D:3      | Found a bloodstained altar of Trog.
  2927 | D:3      | Reached XP level 5. HP: 30/36 MP: 6/8
  4006 | D:4      | Reached skill level 3 in Transmutations
  4006 | D:4      | Reached XP level 6. HP: 30/42 MP: 6/9
  4176 | D:5      | Entered Level 5 of the Dungeon
  4429 | D:4      | Reached skill level 4 in Transmutations
  4608 | D:5      | Found a basalt altar of Yredelemnul.
  4608 | D:5      | Found an iron altar of Okawaru.
  4610 | D:5      | Found a shadowy altar of Dithmenos.
  4616 | D:5      | Reached XP level 7. HP: 31/48 MP: 8/10
  4857 | D:5      | Noticed Edmund
  4954 | D:5      | Reached skill level 5 in Unarmed Combat
  4969 | D:5      | Killed Edmund
  5210 | D:5      | Reached skill level 5 in Transmutations
  5546 | D:5      | Reached XP level 8. HP: 44/54 MP: 0/11
  5648 | D:5      | Noticed Crazy Yiuf
  5662 | D:5      | Killed Crazy Yiuf
  5803 | D:5      | Reached skill level 5 in Fighting
  6043 | D:6      | Noticed Sigmund
  6053 | D:6      | Reached skill level 6 in Transmutations
  6063 | D:6      | HP: 2/55 [something/magic dart (6)]
  6064 | D:6      | Slain by Sigmund

Vault maps used:
D:1:      dpeg_arrival_connections
D:2:      nicolae_overflow_hidden_temple
D:3:      overflow_temple_1_default, first_bread
D:5:      gammafunk_temple_overflow_forgotten, uniq_crazy_yiuf_cottage,
          uniq_edmund
D:6:      forest_paths, gup_sewer_entry_pipe, uniq_sigmund, uniq_eustachio

Skill      XL: |  1  2  3  4  5  6  7  8 |
---------------+-------------------------+-----
Fighting       | 2 3 4 5 |  5.2
Poison Magic   | 1 2 |  2.0
Unarmed Combat | 4 5 |  5.8
Transmutations | 3 4 5 6 |  6.0
Dodging        | |  2.0
Spellcasting   | |  2.0

Action                   |  1- 3 |  4- 6 |  7- 9 || total
-------------------------+-------+-------+-------++-------
Melee: Unarmed           |    71 |   163 |    91 ||   325
 Cast: Beastly Appendage |     5 |    18 |     4 ||    27
       Sticks to Snakes  |       |     4 |     8 ||    12
       Spider Form       |       |       |     6 ||     6
  Use: Scroll            |     2 |     4 |     3 ||     9
       Potion            |       |       |     1 ||     1
 Stab: Sleeping          |     1 |     9 |       ||    10
       Distracted        |       |       |     3 ||     3
  Eat: Chunk             |     2 |    10 |     2 ||    14
       Fruit             |       |       |     4 ||     4
